 Dungeon Crawl Stone Soup version 0.31-a0-472-g43a2ca8e1b (webtiles) character file.

Game seed: 10622995326168599661

1923 Ethylacetat the Changeling (level 9, -7/6 HPs)
             Began as an Octopode Shapeshifter on Aug 5, 2023.
             Was an Initiate of Gozag.
             Killed by divine providence
             ... invoked by an orc priest
              (12 damage)
             ... on level 6 of the Dungeon.
             The game lasted 00:12:33 (4726 turns).

Ethylacetat the Changeling (Octopode Shapeshifter)  Turns: 4726, Time: 00:12:33

Health: -7/6       AC: 15    Str: 14    XL:     9   Next: 17%
Magic:  9/9        EV: 32    Int: 11    God:    Gozag
Gold:   284        SH:  5    Dex: 16    Spells: 8/8 levels left

rFire   . . .        a - melded +3 dagger (drain)
rCold   . . .        (shield currently unavailable)
rNeg    . . .        (helmet currently unavailable)
rPois   ∞            f - amulet of reflection
rElec   +            r - ring of willpower
rCorr   .            B - ring of see invisible
SInv    +            (no ring)
Will    +....        (no ring)
Stlth   +            (no ring)
HPRegen 0.21/turn    (no ring)
MPRegen 0.11/turn    (no ring)
                     (no ring)

%: reflection
@: storm-form, gold aura, flying
A: cleaving, insubstantial, flying, reduced hp, almost no armour, amphibious, 8
rings, (camouflage 1), (gelatinous body 1), (nimble swimmer 1), (tentacles)
a: Blinkbolt, Begin Untransformation, Renounce Religion, Potion Petition, Call
Merchant, Bribe Branch


You were on level 6 of the Dungeon.
You worshipped Gozag.
Gozag was aware of your devotion.
You were a lightning-filled tempest!
You visited 2 branches of the dungeon, and saw 7 of its levels.

You collected 354 gold pieces.
You paid 70 gold pieces to Gozag.

Inventory:

Hand Weapons
 a - a +3 dagger of draining (melded)
Jewellery
 f - an amulet of reflection (around neck)
 r - a ring of willpower (left tentacle)
 B - a ring of see invisible (right tentacle)
Talismans
 b - a beast talisman
 m - a storm talisman (active)
Wands
 h - a wand of flame (3)
 q - a wand of digging (5)
 z - a wand of charming (10)
 A - a wand of acid (13)
Scrolls
 d - 2 scrolls of amnesia {unknown}
 e - a scroll of butterflies {unknown}
 g - a scroll of brand weapon {unknown}
 i - 3 scrolls of immolation {unknown}
 p - a scroll of fear {unknown}
 s - 2 scrolls of teleportation {unknown}
 u - a scroll of revelation {unknown}
 w - 2 scrolls of identify {unknown}
 x - a scroll of fog {unknown}
 y - a scroll of enchant weapon {unknown}
 C - a scroll of blinking {unknown}
Potions
 c - 2 potions of curing {unknown}
 j - 2 potions of brilliance
 k - 2 potions of heal wounds
 l - a potion of ambrosia {unknown}
 n - a potion of attraction {unknown}
 o - 2 potions of haste {unknown}
 t - a potion of magic {unknown}
 v - 2 potions of mutation (quivered) {unknown}


   Skills:
 + Level 5.8 Fighting
 - Level 2.0 Dodging
 + Level 6.5 Unarmed Combat
 * Level 7.6 Shapeshifting


You had 8 spell levels left.
You didn't know any spells.
Your spell library contained the following spells:

 Spells                   Type           Power      Damage    Failure   Level
 Summon Small Mammal      Summ           0%         N/A       34%         1
 Dazzling Flash           Conj/Hex       0%         N/A       71%         3
 Volatile Blastmotes      Fire/Tloc      0%         2d10      71%         3
 Starburst                Conj/Fire      0%         6d3       100%        6
 Maxwell's Capacitive Co  Air            0%         ∞         100%        8


Dungeon Overview and Level Annotations

Branches:
Dungeon (6/15)             Temple (1/1) D:5

Altars:
Fedhas
Gozag
Makhleb
Okawaru
Sif Muna
Trog
Uskayaw
Vehumet
Wu Jian
Yredelemnul
Zin
The Shining One


Innate Abilities, Weirdness & Mutations

You are a lightning-filled tempest!
Your electrical attacks strike out in all directions at once.
You are incredibly evasive.
Your insubstantial body is immune to petrification, constriction, and being set on fire You are flying.
Your maximum health is decreased, since you lack skill for your form.
Your armour is entirely melded.
You are incapable of wielding weapons or throwing items.
You cannot wear most types of armour.
You are amphibious.
You can wear up to eight rings at the same time.
You are immune to poison.
((Your skin changes colour to match your surroundings (Stealth+).))
((Your rubbery body absorbs attacks. (AC +1, EV +1)))
((You are camouflaged when in or above water. (Stealth+)))
((You have tentacles for arms and can constrict up to eight enemies at once.))


Message History

The adder is charmed.
You now have 278 gold pieces (gained 6).
An orc comes into view. It is wielding a +0 whip.
You see here 6 gold pieces.
The orc is distracted by your dazzling golden aura.
Things that are here:
6 gold pieces; a +0 dagger; a +0 robe What are your orders? t - Bellow!
Orders for allies: a - Attack new target. p - Attack previous target. r - Retreat! s - Stop attacking. g - Guard the area. f - Follow me.
Anything else - Cancel.
Gang up on whom?
Press: ? - help, Dir - move target, f - orc, p - adder
Aim: an orc, wielding a +0 whip, wearing a +0 leather armour and quivering boomerangs (unaware, hasn't noticed you) Attack!
You see here 6 gold pieces.
An orc warrior comes into view. It is wielding a +0 scimitar.
There is an escape hatch in the floor here.
Things that are here:
7 gold pieces; a +0 club; a +0 scale mail
Okay, then.
The orc is no longer distracted by gold.
You see here 6 gold pieces.
You now have 284 gold pieces (gained 6).
Your adder bites the orc.
The orc is poisoned.
Your adder poisons the orc!
The orc closely misses your adder.
A magic dart appears from out of your range of vision.
The magic dart hits your adder!
Your adder is smitten.
Your adder dies!
You feel a bit more experienced.
An orc priest comes into view. It is wielding a +0 club.
You feel energetic enough to blinkbolt again.
The orc priest calls down the wrath of Beogh upon you.
Beogh smites you!
Ouch! That really hurt!
You die...
Your body crumbles into a pile of gold.

.............. #.##<.........
#.##........ ######
#....###... #####
......#######..#.##..##
......
..........#..!........##...#
..)..........##...........#
.########.#.........>..$.###
######.#.#.v...#.$.........
#....#...<.#...##..$......#
###.......<..............##
#........##....$........#
#####.....................#..
#..#...(........##....$......
#.#............#..?o.......
#..............#.#.......#
######...........#. [. ..


You could see an orc priest.

Vanquished Creatures
  The ghost of blacky4 the Magician, a novice DjFE (D:4)
  Grinder (D:3)
  The ghost of Tutankhamun the Conjurer, an amateur OpCj of Ignis (D:5)
  An ice beast (D:5)
  3 black bears (D:6)
  A sky beast (D:4)
  A centaur (D:5)
  A phantom (D:4)
  A centaur zombie (D:5)
  3 centaur skeletons (D:5)
  5 hounds
  2 jellies
  2 orc priests
  An iguana (D:5)
  3 orc wizards
  Terence (D:3)
  Natasha (thrice) (D:2)
  Robin (D:3)
  5 adders
  A white imp (D:5)
  An ufetubus (D:5)
  2 worms
  2 dart slugs (D:2)
  5 orcs
  6 endoplasms
  A giant cockroach (D:2)
  15 goblins
  7 hobgoblins
  4 jackals (D:4)
  4 quokkas
  7 ball pythons
  3 bats
  3 frilled lizards
  5 kobolds
  2 rats
105 creatures vanquished.

Vanquished Creatures (collateral kills)
  An orc (D:6)
1 creature vanquished.

Vanquished Creatures (others)
  An adder (D:6)
1 creature vanquished.

Grand Total: 107 creatures vanquished

Notes
Turn   | Place    | Note
-------+----------+-------------------------------------------
     0 | D:1      | Ethylacetat the Octopode Shapeshifter began the quest for
                  | the Orb.
     0 | D:1      | Reached XP level 1. HP: 13/13 MP: 1/1
   404 | D:1      | Reached XP level 2. HP: 18/18 MP: 2/2
   898 | D:2      | You fall into a shaft and drop 1 floor!
   998 | D:3      | Found a radiant altar of Vehumet.
  1080 | D:3      | Reached XP level 3. HP: 21/23 MP: 3/3
  1135 | D:2      | Noticed Natasha
  1142 | D:2      | HP: 1/23 [Natasha (7)]
  1143 | D:2      | Killed Natasha
  1464 | D:2      | Noticed Natasha
  1474 | D:2      | Killed Natasha
  1475 | D:2      | Reached XP level 4. HP: 16/29 MP: 4/4
  1571 | D:2      | Reached skill level 4 in Shapeshifting
  1949 | D:2      | Noticed Natasha
  1954 | D:2      | Killed Natasha
  1955 | D:2      | Reached XP level 5. HP: 31/35 MP: 5/5
  2219 | D:3      | Noticed Robin
  2251 | D:3      | Killed Robin
  2303 | D:3      | Noticed Terence
  2309 | D:3      | Killed Terence
  2368 | D:3      | Noticed Grinder
  2377 | D:3      | Killed Grinder
  2378 | D:3      | Reached XP level 6. HP: 10/42 MP: 6/6
  3089 | D:4      | Reached skill level 5 in Shapeshifting
  3089 | D:4      | Reached XP level 7. HP: 25/46 MP: 7/7
  3296 | D:4      | Found a shimmering blue altar of Sif Muna.
  3317 | D:4      | Got Sif Muna's Atlas of the Boggart
  3395 | D:4      | Found a glowing golden altar of the Shining One.
  3435 | D:4      | Reached skill level 5 in Unarmed Combat
  3670 | D:4      | Found a runed translucent door.
  3678 | D:4      | Noticed blacky4's ghost (novice DjFE)
  3718 | D:4      | Killed blacky4's ghost
  3719 | D:4      | Reached skill level 6 in Shapeshifting
  3719 | D:4      | Reached XP level 8. HP: 46/54 MP: 8/8
  3727 | D:4      | Found a runed translucent door.
  3793 | D:5      | Entered Level 5 of the Dungeon
  4279 | D:5      | Found a staircase to the Ecumenical Temple.
  4283 | D:5      | Found a runed translucent gate.
  4289 | Temple   | Entered the Ecumenical Temple
  4296 | Temple   | Became a worshipper of Gozag Ym Sagoz the Greedy
  4366 | D:5      | Found a runed translucent gate.
  4368 | D:5      | Found a runed translucent gate.
  4371 | D:5      | Noticed Tutankhamun's ghost (amateur OpCj)
  4382 | D:5      | Reached skill level 5 in Fighting
  4387 | D:5      | Killed Tutankhamun's ghost
  4527 | D:5      | Reached skill level 7 in Shapeshifting
  4680 | D:6      | Reached XP level 9. HP: 6/61 MP: 9/9
  4726 | D:6      | Killed from afar by an orc priest

Illustrated notes

Levels and vault maps discovered:
D:1:      mrwooster_arrival_statue, layout_basic, minmay_misc_feat_cross
D:2:      layout_basic, uniq_natasha
D:3:      layout_basic, vehumet_altar_wand_db, uniq_robin, uniq_terence,
          uniq_grinder
D:4:      layout_rooms, led_sif_book, tso_oasis_becter, ebering_ghost_sewer_f
D:5:      layout_cave_pools, minmay_temple_entry_stoned_glass,
          gammafunk_ghost_necromancy
D:6:      layout_rooms, mainiacjoe_overflow_alcove_2, uniq_edmund
Temple:   nicolae_temple_bog_church

Skill      XL: |  1  2  3  4  5  6  7  8 |
---------------+-------------------------+-----
Fighting       | 2 3 4 5 |  5.8
Shapeshifting  | 4 5 6 7 |  7.6
Unarmed Combat | 4 5 6 |  6.5
Dodging        | |  2.0

Action                     |  1- 3 |  4- 6 |  7- 9 || total
---------------------------+-------+-------+-------++-------
  Melee: Unarmed           |    56 |    45 |    17 ||   118
         Constrict         |    17 |     7 |    19 ||    43
         Tentacles         |    14 |     9 |    20 ||    43
         Punch             |     1 |     1 |     4 ||     6
         Dagger            |       |    20 |    87 ||   107
Ability: Blinkbolt         |       |       |     4 ||     4
  Evoke: Wand              |       |       |    16 ||    16
    Use: Potion            |       |     1 |     2 ||     3
   Stab: Sleeping          |     9 |     4 |     1 ||    14
 Armour: Skin              |     2 |    27 |    11 ||    40
  Dodge: Dodged            |    26 |    16 |    46 ||    88
  Block: Other             |     4 |    12 |    17 ||    33
   Form: Storm             |       |     1 |     2 ||     3
                           |       |     1 |       ||     1
         Beast             |       |     1 |     1 ||     2

Table legend: (Time is in decaauts)
 A = Elapsed time spent in this place.
 B = Non-inter-level travel time spent in this place.
 C = Inter-level travel time spent in this place.
 D = Time resting spent in this place.
 E = Time spent auto-exploring this place.
 F = Levels seen in this place.
 G = Mean time per level.
                   A        B        C        D        E       F      G
               +--------+--------+--------+--------+--------+-----+--------+
         Total |   4715 |   4570 |    145 |    427 |   3386 |   7 |  673.6 |
       Dungeon |   4700 |   4555 |    145 |    427 |   3386 |   6 |  783.3 |
        Temple |     14 |     14 |      0 |      0 |      0 |   1 |   14.0 |
               +--------+--------+--------+--------+--------+-----+--------+

Top non-repeatable levels by time:
     D:3: 1190 daAuts
     D:2: 1096 daAuts
     D:4: 824 daAuts
     D:1: 785 daAuts
     D:5: 686 daAuts
     D:6: 117 daAuts
  Temple: 14 daAuts
